 Dungeon Crawl Stone Soup version 0.32-a0-411-g744942f433 (webtiles) character file.

Game seed: 266229512202869191

114 ezpacito the Trooper (level 4, -1/37 HPs)
             Began as a Demonspawn Chaos Knight on Feb 20, 2024.
             Was a Plaything of Xom.
             Slain by a gnoll
             ... wielding a +0 halberd
              (9 damage)
             ... on level 2 of the Dungeon.
             The game lasted 00:02:30 (1093 turns).

ezpacito the Trooper (Demonspawn Chaos Knight)      Turns: 1093, Time: 00:02:30

Health: -1/37      AC:  8    Str: 15    XL:     4   Next: 66%
Magic:  5/5        EV: 11    Int: 12    God:    Xom [..*...]
Gold:   100        SH:  0    Dex: 12    Spells: 4/4 levels left

rFire   . . .        a - +0 hand axe (chaos)
rCold   . . .        (no shield)
rNeg    . . .        b - +3 leather armour
rPois   .            (no helmet)
rElec   .            (no cloak)
rCorr   .            (no gloves)
SInv    .            (no boots)
Will    .....        (no amulet)
Stlth   +            (no ring)
HPRegen 0.26/turn    (no ring)
MPRegen 0.09/turn

%: no passive effects
@: no status effects
A: hooves 1, icy blue scales 1
a: Renounce Religion


You were on level 2 of the Dungeon.
You worshipped Xom.
You were a toy of Xom.
You visited 1 branch of the dungeon, and saw 2 of its levels.

You collected 100 gold pieces.

Inventory:

Hand Weapons
 a - a +0 hand axe of chaos (weapon)
Missiles
 e - 6 boomerangs (quivered)
Armour
 b - a +3 leather armour (worn)
 d - a +0 scale mail
Magical Staves
 j - a staff of death
Scrolls
 c - a scroll of teleportation {unknown}
 f - a scroll of identify {unknown}
 k - a scroll of torment {unknown}
Potions
 g - a potion of brilliance {unknown}
 h - a potion of enlightenment {unknown}
 i - a potion of heal wounds {unknown}
 l - a potion of magic {unknown}
 m - a potion of ambrosia {unknown}


   Skills:
 * Level 3.8 Fighting
 * Level 3.2 Axes
 * Level 0.5 Staves
 * Level 2.1 Armour
 * Level 1.3 Dodging
 * Level 0.7 Stealth
 * Level 0.7 Unarmed Combat
 * Level 0.8 Spellcasting
 * Level 0.5 Necromancy
 * Level 0.5 Evocations


You had 4 spell levels left.
You didn't know any spells.
Your spell library was empty.

Dungeon Overview and Level Annotations

Branches:
Dungeon (2/15)

Altars:


Innate Abilities, Weirdness & Mutations

You have large cloven feet.
You are partially covered in icy blue scales. (AC +2)


Message History

The gnoll is heavily wounded.
The gnoll hits you from afar with a +0 halberd!
The gnoll misses you.
You completely miss the gnoll. Your kick misses the gnoll.
The gnoll is heavily wounded.
The gnoll hits you but does no damage. The gnoll closely misses you.
You hit the gnoll but do no damage. Your kick misses the gnoll.
The gnoll is heavily wounded.
The gnoll barely misses you. The gnoll closely misses you.
You hit the gnoll. You kick the gnoll.
You kill the gnoll!
The gnoll hits you from afar with a +0 halberd.
Found 6 gold pieces.
You barely miss the gnoll. You kick the gnoll, but do no damage.
The giant cockroach bites you. The gnoll hits you but does no damage.
The gnoll hits you from afar with a +0 spear.
The gnoll hits you with a +0 halberd. The giant cockroach misses you.
You are too injured to fight recklessly!
You are too injured to fight recklessly!
Your +0 hand axe of chaos is briefly surrounded by a scintillating aura of random colours.
a - a +0 hand axe of chaos (weapon)
The gnoll hits you from afar with a +0 spear.
* * * LOW HITPOINT WARNING * * *
The gnoll barely misses you. The gnoll closely misses you.
You hit the gnoll.
The gnoll convulses.
You kick the gnoll, but do no damage.
The gnoll is moderately wounded.
You hit the giant cockroach. You drain the giant cockroach.
You kill the giant cockroach!
Xom grants you insight.
You detect nothing.
The gnoll hits you but does no damage.
The gnoll hits you from afar with a +0 spear.
* * * LOW HITPOINT WARNING * * *
The gnoll hits you but does no damage.
You hit the gnoll but do no damage.
The gnoll convulses.
The gnoll is heavily wounded.
The gnoll hits you from afar with a +0 spear.
* * * LOW HITPOINT WARNING * * *
The gnoll hits you with a +0 halberd!
You die...
Xom snickers!

#########.....##
#.............#
#.#######.....#
#.##### #######
#.#($#. #.#$...
#.##.gg #..#
#†## #.####g@#
#..#.##'#
#.......#
#########


You could see 3 gnolls.

Vanquished Creatures
  Jessica (D:2)
  A gnoll (D:2)
  3 adders (D:2)
  A dart slug (D:1)
  2 orcs (D:1)
  A bat (D:2)
  4 endoplasms
  A giant cockroach (D:2)
  3 goblins
  A hobgoblin (D:1)
  3 kobolds
  A quokka (D:1)
  4 ball pythons
  2 rats
28 creatures vanquished.

Notes
Turn   | Place    | Note
-------+----------+-------------------------------------------
     0 | D:1      | ezpacito the Demonspawn Chaos Knight began the quest for
                  | the Orb.
     0 | D:1      | Reached XP level 1. HP: 18/18 MP: 1/1
    83 | D:1      | XOM: silly message
   105 | D:2      | Noticed an orc wizard
   228 | D:1      | Gained mutation: You are partially covered in icy blue
                  | scales. (AC +2) [demonic ancestry]
   228 | D:1      | Reached XP level 2. HP: 21/24 MP: 2/2
   252 | D:1      | Reached skill level 1 in Dodging
   504 | D:1      | Gained mutation: You have large cloven feet. [demonic
                  | ancestry]
   504 | D:1      | Reached XP level 3. HP: 29/29 MP: 3/3
   812 | D:2      | Noticed Jessica
   818 | D:2      | XOM: silly message
   836 | D:2      | Reached XP level 4. HP: 37/37 MP: 4/4
   910 | D:2      | Killed Jessica
  1092 | D:2      | XOM: divination: detect creatures
  1093 | D:2      | Slain by a gnoll

Illustrated notes

Levels and vault maps discovered:
D:1:      dpeg_arrival_castle, layout_basic, skrybe_limestone_x
D:2:      minmay_wonky_spiral, layout_rooms, st_stairs_3, supply_closet_lemuel,
          uniq_jessica

Skill      XL: |  1  2  3 |
---------------+----------+-----
Dodging        | 1 |  1.3
Axes           | 3 |  3.2
Armour         | 2 |  2.1
Fighting       | |  3.8
Staves         | |  0.5
Stealth        | |  0.7
Unarmed Combat | |  0.7
Spellcasting   | |  0.8
Necromancy     | |  0.5
Evocations     | |  0.5

Action                     |  1- 3 |  4- 6 || total
---------------------------+-------+-------++-------
  Melee: Hand axe          |    37 |     2 ||    39
         Staff             |    27 |    22 ||    49
         Kick              |     5 |     8 ||    13
    Use: Scroll            |     2 |       ||     2
         Potion            |     1 |       ||     1
   Stab: Sleeping          |     1 |     1 ||     2
 Armour: Leather armour    |    51 |    37 ||    88
  Dodge: Dodged            |    57 |    23 ||    80

Table legend: (Time is in decaauts)
 A = Elapsed time spent in this place.
 B = Non-inter-level travel time spent in this place.
 C = Inter-level travel time spent in this place.
 D = Time resting spent in this place.
 E = Time spent auto-exploring this place.
 F = Levels seen in this place.
 G = Mean time per level.
                   A        B        C        D        E       F      G
               +--------+--------+--------+--------+--------+-----+--------+
         Total |   1108 |   1092 |     16 |      0 |    763 |   2 |  554.0 |
       Dungeon |   1108 |   1092 |     16 |      0 |    763 |   2 |  554.0 |
               +--------+--------+--------+--------+--------+-----+--------+

Top non-repeatable levels by time:
     D:1: 631 daAuts
     D:2: 477 daAuts
